 Dungeon Crawl Stone Soup version 0.30-a0-883-g5ad918d77d (webtiles) character file.

Game seed: 16717616954196419144

161 Sanktem7 the Trooper (level 5, -2/47 HPs)
             Began as a Minotaur Fighter on Mar 16, 2023.
             Slain by Sigmund
             ... wielding a +4 scythe of protection
              (5 damage)
             ... on level 3 of the Dungeon.
             The game lasted 00:02:58 (1778 turns).

Sanktem7 the Trooper (Minotaur Fighter)             Turns: 1778, Time: 00:02:59

Health: -2/47      AC:  8    Str: 23    XL:     5   Next: 19%
Magic:  4/4        EV:  9    Int:  5    God:
Gold:   74         SH:  4    Dex:  9    Spells: 4/4 levels left

rFire   . . .      SeeInvis .    a - +0 war axe {axe}
rCold   . . .      Faith    .    c - +0 buckler
rNeg    . . .      Spirit   .    b - +0 scale mail
rPois   +          Reflect  .    (helmet restricted)
rElec   .          Rampage  .    (no cloak)
rCorr   .                        r - +0 pair of gloves
Will    .....                    (no boots) Stlth
                                 (no amulet)
HPRegen 0.27/turn                m - ring of poison resistance
MPRegen 0.09/turn                (no ring)

@: no status effects
A: horns 2, retaliatory headbutt
a: no special abilities


You were on level 3 of the Dungeon.
You visited 1 branch of the dungeon, and saw 3 of its levels.

You collected 74 gold pieces.


Innate Abilities, Weirdness & Mutations

You have a pair of horns on your head.
You reflexively headbutt those who attack you in melee.


   Skills:
 + Level 4.5 Fighting
 * Level 4.5 Axes
 + Level 4.5 Armour
 + Level 4.5 Shields


You had 4 spell levels left.
You didn't know any spells.
Your spell library contained the following spells:

 Spells                   Type           Power      Damage    Failure   Level
 Petrify                  Tmut/Erth      0%         N/A       100%        4
 Metabolic Englaciation   Hex/Ice        0%         N/A       100%        5
 Statue Form              Tmut/Erth      0%         N/A       100%        6

Inventory:

Hand Weapons
 a - a +0 war axe (weapon) {axe}
Missiles
 f - 23 stones (quivered) {throwing}
 p - 4 poisoned darts {throwing}
Armour
 b - a +0 scale mail (worn)
 c - a +0 buckler (worn)
 r - a +0 pair of gloves (worn)
   (You found it on level 2 of the Dungeon)
Jewellery
 m - a ring of poison resistance (left hand)
   (You found it on level 1 of the Dungeon)
 w - a ring of fire
   (You found it on level 2 of the Dungeon)
Scrolls
 j - a scroll of immolation {unknown}
 k - 2 scrolls of identify {unknown}
 l - a scroll of teleportation {unknown}
 n - a scroll of magic mapping {unknown}
 s - 2 scrolls of fear {unknown}
 u - a scroll of enchant weapon {unknown}
 x - a scroll of torment {unknown}
Potions
 d - a potion of might
 e - 4 potions of heal wounds {unknown}
 g - 2 potions of brilliance {unknown}
 h - 2 potions of curing {unknown}
 i - 3 potions of mutation {unknown}
 o - a potion of haste {unknown}
 q - a potion of magic {unknown}
 t - a potion of invisibility {unknown}
 v - a potion of lignification {unknown}

Dungeon Overview and Level Annotations

Branches:
Dungeon (3/15) Zot: 16183

Altars:
Hepliaklqana

Annotations:
D:3 Sigmund

########## ##
......... ..
####...##..#####.#
#.. ..........@{.#
#.# #..##.#.####?##
#.# #..##.#.####...
#.###..##.#.......#..
###............#####.
#. #........####.##
#.#††###.# #.# #.#†.#
#.# #.# #.#..#
#.####.##


There were no monsters in sight!


Message History

You kill the hobgoblin!
You hit the giant cockroach. The giant cockroach misses you.
The giant cockroach bites you but does no damage.
You closely miss the giant cockroach.
The giant cockroach bites you but does no damage. 😕 HP[+1]
You slash the giant cockroach!
You kill the giant cockroach!
You slash the worm! The worm bites you.
You hit the worm. 😕 HP[-3]
You take 3 damage, and now have 41/47 hp.
You hit the worm. The worm bites you! 😮 HP[-7]
You take 7 damage, and now have 34/47 hp.
You are too injured to fight recklessly!
You are too injured to fight recklessly!
You are too injured to fight recklessly!
You are too injured to fight recklessly!
You are too injured to fight recklessly!
You are too injured to fight recklessly!
You are too injured to fight recklessly!
You are too injured to fight recklessly!
You are too injured to fight recklessly!
You are too injured to fight recklessly!
You are too injured to fight recklessly!
Unknown command.
You barely miss the worm. You headbutt the worm. The worm bites you. 😮 HP[-4]
You take 4 damage, and now have 30/47 hp.
You slash the worm!
You kill the worm!
You see here a worm corpse.
f - 23 stones {throwing} (gained 3)
You see here a hobgoblin corpse.
You now have 74 gold pieces (gained 5).
Sigmund the Dreaded comes into view.
He is wielding a +4 scythe of protection.
Sigmund shouts! 😎 HP[+17]
Your hp is fully restored (47).
You block Sigmund's attack.
You barely miss Sigmund.
Sigmund hits you with a +4 scythe of protection! 😕 HP[-8]
You take 8 damage, and now have 39/47 hp.
You hit Sigmund but do no damage. Sigmund gestures at you while chanting.
The puff of flame hits you. 😕 HP[-1]
You take 1 damage, and now have 38/47 hp.
You hit Sigmund but do no damage. Sigmund barely misses you. 😕 HP[+1]
You hit Sigmund. Sigmund closely misses you.
You barely miss Sigmund. You block Sigmund's attack.
You closely miss Sigmund. Sigmund closely misses you. You furiously retaliate!
You headbutt Sigmund, but do no damage. 😕 HP[+1]
You hit Sigmund but do no damage. Your headbutt misses Sigmund.
Sigmund hits you with a +4 scythe of protection. 😕 HP[-2]
You take 2 damage, and now have 38/47 hp.
You hit Sigmund but do no damage. You headbutt Sigmund, but do no damage.
You hit Sigmund. You headbutt Sigmund, but do no damage.
You block Sigmund's attack. 😕 HP[+1]
You barely miss Sigmund. You headbutt Sigmund.
Sigmund points at you and mumbles some strange words.
You resist with some effort.
Sigmund hits you with a +4 scythe of protection. 😮 HP[-6]
You take 6 damage, and now have 33/47 hp.
You hit Sigmund but do no damage. Your headbutt misses Sigmund.
You closely miss Sigmund. You headbutt Sigmund, but do no damage.
Sigmund mumbles some strange words.
Sigmund flickers and vanishes!
Deactivating autopickup; reactivate with Ctrl-A.
Something hits you! 😮 HP[-6]
You take 6 damage, and now have 27/47 hp.
You slash something! Your headbutt misses something.
Something hits you. 😮 HP[-2]
You take 2 damage, and now have 25/47 hp.
You closely miss something. 😮 HP[+1]
You miss something. Your headbutt misses something.
Something hits you but does no damage.
You closely miss something. Something hits you!
* * * LOW HITPOINT WARNING * * *
😨 HP[-14]
You take 14 damage, and now have 12/47 hp.
MASSIVE DAMAGE!! (PAUSE)
You closely miss something.
Something hits you but does no damage. 😨 HP[+1]
You barely miss something. Something hits you!
* * * LOW HITPOINT WARNING * * *
😱 HP[-10]
You take 10 damage, and now have 3/47 hp.
MASSIVE DAMAGE!! (PAUSE)
You barely miss something. Your headbutt misses something. Something hits you.
You die...

Skill      XL: |  1  2  3 |
---------------+----------+-----
Axes           | 3 4 |  4.5
Fighting       | 4 |  4.5
Armour         | 4 |  4.5
Shields        | 4 |  4.5

Action                     |  1- 3 |  4- 6 || total
---------------------------+-------+-------++-------
  Melee: War axe           |    44 |    67 ||   111
         Headbutt          |     4 |     9 ||    13
 Armour: Scale mail        |    16 |    19 ||    35
  Dodge: Dodged            |    23 |    24 ||    47
  Block: Buckler           |    16 |    15 ||    31

Levels and vault maps discovered:
D:1:      amcnicky_arrival_underground_garden, layout_rooms
D:2:      layout_basic, serial_park_tiny_2, uniq_terence
D:3:      layout_loops_ring, mainiacjoe_overflow_concentric_impassable,
          shapermc_ecumenical_altar_mp_urbaneastern, serial_shops,
          nicolae_shop_trees, st_stairs_7, cheibrodos_gnoll_hut, uniq_sigmund

Notes
Turn   | Place    | Note
-------+----------+-------------------------------------------
     0 | D:1      | Sanktem7 the Minotaur Fighter began the quest for the Orb.
     0 | D:1      | Reached XP level 1. HP: 19/19 MP: 0/0
     0 | D:1      | magus.rc [v1.9.6]
    76 | D:1      | Reached XP level 2. HP: 26/27 MP: 1/1
   100 | D:1      | Reached skill level 3 in Axes
   359 | D:1      | Reached skill level 4 in Fighting
   432 | D:2      | Noticed a phantom
   437 | D:2      | Reached XP level 3. HP: 24/33 MP: 2/2
   443 | D:2      | Killed a phantom
   444 | D:2      | Reached skill level 4 in Axes
   444 | D:2      | Reached skill level 4 in Armour
   444 | D:2      | Reached skill level 4 in Shields
   444 | D:2      | Reached XP level 4. HP: 25/41 MP: 3/3
   536 | D:2      | You pick up a book of Sloth and begin reading...
   536 | D:2      | You add the spells Petrify, Metabolic Englaciation and
                  | Statue Form to your library.
  1201 | D:2      | Noticed Terence
  1212 | D:2      | Killed Terence
  1213 | D:2      | Reached XP level 5. HP: 47/47 MP: 4/4
  1567 | D:3      | Found a hazy altar of Hepliaklqana.
  1755 | D:3      | Noticed Sigmund
  1777 | D:3      | HP: 3/47 [something (10)]
  1778 | D:3      | Slain by Sigmund

Vanquished Creatures
  A phantom (D:2)
  Terence (D:2)
  An adder (D:2)
  A worm (D:3)
  A dart slug (D:1)
  5 ball pythons
  5 bats
  2 endoplasms
  2 giant cockroaches
  3 goblins
  9 hobgoblins
  2 jackals (D:1)
  A quokka (D:1)
  2 frilled lizards (D:3)
  5 kobolds
  4 rats
45 creatures vanquished.

Table legend:
 A = Non-vault XP
 B = Vault XP
 C = Vault XP percentage of total XP
 D = Non-vault monster count
 E = Vault monster count
 F = Vault count percentage of total count
                 A         B        C        D         E       F
            +---------+---------+-------+---------+---------+-------
      Total |     195 |      36 |  15.6 |      44 |       1 |   2.2
            +---------+---------+-------+---------+---------+-------
        D:1 |      39 |       0 |   0.0 |      21 |       0 |   0.0
        D:2 |     141 |      36 |  20.3 |      16 |       1 |   5.9
        D:3 |      15 |       0 |   0.0 |       7 |       0 |   0.0
            +---------+---------+-------+---------+---------+-------

Illustrated notes

Table legend:
 A = Kills in this place as a percentage of kills in the entire game.
 B = Kills by you in this place as a percentage of kills by you in the entire game.
 C = Kills by friends in this place as a percentage of kills by friends in the entire game.
 D = Other kills in this place as a percentage of other kills in the entire game.
 E = Experience gained in this place as a percentage of experience gained in the entire game.
 F = Experience gained in this place divided by the number of levels of this place that you have seen.
                   A       B       C       D       E      F
               +-------+-------+-------+-------+-------+----------------------
         Total | 100.0 | 100.0 |   N/A |   N/A | 100.0 |  77.0
       Dungeon | 100.0 | 100.0 |   N/A |   N/A | 100.0 |  77.0
               +-------+-------+-------+-------+-------+----------------------

Table legend: (Time is in decaauts)
 A = Elapsed time spent in this place.
 B = Non-inter-level travel time spent in this place.
 C = Inter-level travel time spent in this place.
 D = Time resting spent in this place.
 E = Time spent auto-exploring this place.
 F = Levels seen in this place.
 G = Mean time per level.
                   A        B        C        D        E       F      G
               +--------+--------+--------+--------+--------+-----+--------+
         Total |   1815 |   1744 |     71 |      0 |   1453 |   3 |  605.0 |
       Dungeon |   1815 |   1744 |     71 |      0 |   1453 |   3 |  605.0 |
               +--------+--------+--------+--------+--------+-----+--------+

Top non-repeatable levels by time:
     D:2: 1139 daAuts
     D:1: 445 daAuts
     D:3: 231 daAuts
